TOP OF THE 1ST |
Austin Capitols batting - Pitching for Viola Spearheads : RHP Jim Unknown
|
Pitching: RHP Jim Unknown
|
|
Batting: RHB Jim Unknown
|
0-0: Ball 1-0: Fly out, F7 (Flyball, 7LD)
|
Batting: RHB Jim Unknown
|
0-0: Ball 1-0: SOLO HOME RUN (Flyball, 7LD), Distance : 386 ft
|
Batting: LHB Jim Unknown
|
0-0: Ball 1-0: Foul Ball, location: 2F 1-1: Foul Ball, location: 2F 1-2: Fly out, F6 (Line Drive, 6)
|
Batting: RHB Jim Unknown
|
0-0: Foul Ball, location: 2F 0-1: Swinging Strike 0-2: Fly out, F3 (Popup, 3F)
|
Top of the 1st over - 1 run(s), 1 hit(s), 0 error(s), 0 left on base; Austin 1 - Viola 0 |
BOTTOM OF THE 1ST |
Viola Spearheads batting - Pitching for Austin Capitols : RHP Jim Unknown
|
Pitching: RHP Jim Unknown
|
|
Batting: LHB Jim Unknown
|
0-0: Called Strike 0-1: Foul Ball, location: 2F 0-2: Ball 1-2: Strikes out looking
|
Batting: RHB Jim Unknown
|
0-0: Called Strike 0-1: Swinging Strike 0-2: Ground out 5-3 (Groundball, 56)
|
Batting: RHB Jim Unknown
|
0-0: Ball 1-0: Ball 2-0: Called Strike 2-1: Fly out, F2 (Popup, 2RF)
|
Bottom of the 1st over - 0 run(s), 0 hit(s), 0 error(s), 0 left on base; Austin 1 - Viola 0 |
TOP OF THE 2ND |
Austin Capitols batting - Pitching for Viola Spearheads : RHP Jim Unknown
|
Batting: SHB Jim Unknown
|
0-0: Ball 1-0: Ball 2-0: Called Strike 2-1: Ball 3-1: Foul Ball, location: 2F 3-2: Base on Balls
|
Batting: RHB Jim Unknown
|
0-0: SINGLE (Groundball, 5D) Jim Unknown to second
|
Batting: LHB Jim Unknown
|
0-0: Fly out, F3 (Line Drive, 3) 0-0: Lined into DP, U3 (Line Drive, 3)
|
Batting: RHB Jim Unknown
|
0-0: Called Strike 0-1: Foul Ball, location: 2F 0-2: Ground out 6-3 (Groundball, 6)
|
Top of the 2nd over - 0 run(s), 1 hit(s), 0 error(s), 1 left on base; Austin 1 - Viola 0 |
BOTTOM OF THE 2ND |
Viola Spearheads batting - Pitching for Austin Capitols : RHP Jim Unknown
|
Batting: RHB Jim Unknown
|
0-0: Ball 1-0: Ball 2-0: Foul Ball, location: 2F 2-1: Fly out, F3 (Popup, 4)
|
Batting: RHB Pepe Gómez
|
0-0: Ball 1-0: Called Strike 1-1: Called Strike 1-2: Strikes out swinging
|
Batting: RHB Doug Rowland
|
0-0: Fly out, F8 (Flyball, 8LXD)
|
Bottom of the 2nd over - 0 run(s), 0 hit(s), 0 error(s), 0 left on base; Austin 1 - Viola 0 |
TOP OF THE 3RD |
Austin Capitols batting - Pitching for Viola Spearheads : RHP Jim Unknown
|
Batting: LHB Jim Unknown
|
0-0: Ball 1-0: SOLO HOME RUN (Flyball, 9D), Distance : 367 ft
|
Batting: RHB Jim Unknown
|
0-0: Ball 1-0: Foul Ball, location: 2F 1-1: Ball 2-1: Called Strike 2-2: Ball 3-2: Strikes out swinging
|
Batting: RHB Jim Unknown
|
0-0: Swinging Strike 0-1: Ball 1-1: Foul Ball, location: 2F 1-2: Ball 2-2: Foul Ball, location: 2F 2-2: Fly out, F4 (Line Drive, 4)
|
Batting: LHB Jim Unknown
|
0-0: Foul Ball, location: 2F 0-1: Ball 1-1: Foul Ball, location: 2F 1-2: Foul Ball, location: 2F 1-2: Ball 2-2: Ball 3-2: Foul Ball, location: 2F 3-2: Fly out, F6 (Popup, 6D)
|
Top of the 3rd over - 1 run(s), 1 hit(s), 0 error(s), 0 left on base; Austin 2 - Viola 0 |
BOTTOM OF THE 3RD |
Viola Spearheads batting - Pitching for Austin Capitols : RHP Jim Unknown
|
Batting: RHB Jim Unknown
|
0-0: Ball 1-0: Foul Ball, location: 2F 1-1: Called Strike 1-2: Ground out 4-3 (Groundball, 34)
|
Batting: LHB Jim Unknown
|
0-0: Ground out 5-3 (Groundball, 56S)
|
Batting: RHB Jim Unknown
|
0-0: Ball 1-0: Called Strike 1-1: Ball 2-1: SINGLE (Line Drive, 89M)
|
Batting: LHB Jim Unknown
|
0-0: Fielders Choice at 2nd, U6 (Groundball, 6M)
|
Bottom of the 3rd over - 0 run(s), 1 hit(s), 0 error(s), 1 left on base; Austin 2 - Viola 0 |
TOP OF THE 4TH |
Austin Capitols batting - Pitching for Viola Spearheads : RHP Jim Unknown
|
Batting: RHB Jim Unknown
|
0-0: Foul Ball, location: 2F 0-1: SOLO HOME RUN (Flyball, 9D), Distance : 387 ft
|
Batting: SHB Jim Unknown
|
0-0: Called Strike 0-1: Ball 1-1: Swinging Strike 1-2: Foul Ball, location: 2F 1-2: Foul Ball, location: 2F 1-2: Ground out 5-3 (Groundball, 56S)
|
Batting: RHB Jim Unknown
|
0-0: Ball 1-0: Ball 2-0: Called Strike 2-1: Swinging Strike 2-2: Fly out, F9 (Flyball, 9M)
|
Batting: LHB Jim Unknown
|
0-0: Called Strike 0-1: Ball 1-1: Ball 2-1: Swinging Strike 2-2: Ball 3-2: Foul Ball, location: 2F 3-2: Base on Balls
|
Batting: RHB Jim Unknown
|
0-0: Fly out, F9 (Flyball, 9LM)
|
Top of the 4th over - 1 run(s), 1 hit(s), 0 error(s), 1 left on base; Austin 3 - Viola 0 |
BOTTOM OF THE 4TH |
Viola Spearheads batting - Pitching for Austin Capitols : RHP Jim Unknown
|
Batting: RHB Jim Unknown
|
0-0: Ball 1-0: Called Strike 1-1: Ball 2-1: Ball 3-1: Foul Ball, location: 2F 3-2: SOLO HOME RUN (Flyball, 78XD), Distance : 439 ft
|
Batting: RHB Jim Unknown
|
0-0: SINGLE (Line Drive, 78S)
|
Batting: RHB Jim Unknown
|
0-0: Called Strike Throwing error on steal attempt, E2 Jim Unknown to third 0-1: Called Strike 0-2: Ball 1-2: Ground out 5-3 (Groundball, 56) Jim Unknown scores
|
Batting: RHB Pepe Gómez
|
0-0: Called Strike 0-1: Foul Ball, location: 2F 0-2: Ball 1-2: Foul Ball, location: 2F 1-2: Ball 2-2: DOUBLE (Line Drive, 8RXD)
|
Batting: RHB Doug Rowland
|
0-0: Called Strike 0-1: SINGLE (Groundball, 56D) (infield hit) Pepe Gómez to third
|
Batting: RHB Jim Unknown
|
0-0: Ball 1-0: Ball 2-0: Ball 3-0: Base on Balls Doug Rowland to second
|
Batting: LHB Jim Unknown
|
0-0: Called Strike 0-1: Called Strike 0-2: Ball 1-2: Ball 2-2: Foul Ball, location: 2F 2-2: Ball 3-2: Base on Balls Pepe Gómez scores Doug Rowland to third Jim Unknown to second
|
Batting: RHB Jim Unknown
|
0-0: Ball 1-0: Ball 2-0: Fielders Choice at 2nd, 6-4 (Groundball, 6) Doug Rowland scores Jim Unknown to third
|
Batting: LHB Jim Unknown
|
0-0: Called Strike 0-1: Swinging Strike 0-2: Ball 1-2: Ball 2-2: Strikes out swinging
|
Bottom of the 4th over - 4 run(s), 4 hit(s), 1 error(s), 2 left on base; Austin 3 - Viola 4 |
TOP OF THE 5TH |
Austin Capitols batting - Pitching for Viola Spearheads : RHP Jim Unknown
|
Batting: LHB Jim Unknown
|
0-0: Foul Ball, location: 2F 0-1: Foul Ball, location: 2F 0-2: Foul Ball, location: 2F 0-2: Ball 1-2: Foul Ball, location: 2F 1-2: Ball 2-2: Foul Ball, location: 2F 2-2: Foul Ball, location: 2F 2-2: Fly out, F5 (Line Drive, 5)
|
Batting: RHB Jim Unknown
|
0-0: Swinging Strike 0-1: Ball 1-1: Ball 2-1: Called Strike 2-2: Foul Ball, location: 2F 2-2: Ground out 5-3 (Groundball, 56)
|
Batting: RHB Jim Unknown
|
0-0: Called Strike 0-1: Foul Ball, location: 2F 0-2: Ground out 5-3 (Groundball, 5)
|
Top of the 5th over - 0 run(s), 0 hit(s), 0 error(s), 0 left on base; Austin 3 - Viola 4 |
BOTTOM OF THE 5TH |
Viola Spearheads batting - Pitching for Austin Capitols : RHP Jim Unknown
|
Batting: RHB Jim Unknown
|
0-0: Ball 1-0: Ball 2-0: Foul Ball, location: 2F 2-1: Foul Ball, location: 2F 2-2: Ball 3-2: Strikes out swinging
|
Batting: RHB Jim Unknown
|
0-0: Ground out 5-3 (Groundball, 5S)
|
Batting: RHB Jim Unknown
|
0-0: Ball 1-0: Called Strike 1-1: Ball 2-1: Ball 3-1: Base on Balls
|
Batting: RHB Pepe Gómez
|
0-0: Ball 1-0: Called Strike 1-1: Swinging Strike 1-2: Strikes out swinging
|
Bottom of the 5th over - 0 run(s), 0 hit(s), 0 error(s), 1 left on base; Austin 3 - Viola 4 |
TOP OF THE 6TH |
Austin Capitols batting - Pitching for Viola Spearheads : RHP Jim Unknown
|
Batting: LHB Jim Unknown
|
0-0: Called Strike 0-1: Ball 1-1: Ball 2-1: Foul Ball, location: 2F 2-2: Ball 3-2: SINGLE (Groundball, 34)
|
Batting: RHB Jim Unknown
|
0-0: Ball 1-0: Fly out, F4 (Line Drive, 4M)
|
Batting: SHB Jim Unknown
|
0-0: Called Strike 0-1: Ball 1-1: Fly out, F4 (Popup, 4D)
|
Batting: RHB Jim Unknown
|
0-0: Ball 1-0: Ball 2-0: Ball 3-0: Called Strike 3-1: Fly out, F8 (Flyball, 78M)
|
Top of the 6th over - 0 run(s), 1 hit(s), 0 error(s), 1 left on base; Austin 3 - Viola 4 |
BOTTOM OF THE 6TH |
Viola Spearheads batting - Pitching for Austin Capitols : RHP Jim Unknown
|
Batting: RHB Doug Rowland
|
0-0: SINGLE (Line Drive, 78M)
|
Batting: RHB Jim Unknown
|
0-0: Sac Bunt - play at first, batter OUT! 1-3 Doug Rowland to second
|
Batting: LHB Jim Unknown
|
0-0: Intentional Walk
|
Batting: RHB Jim Unknown
|
0-0: Ball 1-0: Grounds into double play, 6-4-3 (Groundball, 6)
|
Bottom of the 6th over - 0 run(s), 1 hit(s), 0 error(s), 1 left on base; Austin 3 - Viola 4 |
TOP OF THE 7TH |
Austin Capitols batting - Pitching for Viola Spearheads : RHP Jim Unknown
|
Batting: LHB Jim Unknown
|
0-0: Ball 1-0: Ball 2-0: Called Strike 2-1: Ball 3-1: SINGLE (Groundball, 4MD)
|
Batting: RHB Jim Unknown
|
0-0: Ball 1-0: Foul Ball, location: 2F 1-1: Ball 2-1: Foul Ball, location: 2F 2-2: Fly out, F7 (Flyball, 7S)
|
Batting: LHB Jim Unknown
|
0-0: Ball 1-0: Ball 2-0: Ball 3-0: Called Strike 3-1: Foul Ball, location: 2F 3-2: Strikes out swinging
|
Pitching: RHP Bill Jensen
|
|
Batting: RHB Jim Unknown
|
0-0: Ball 1-0: Ball 2-0: Ball 3-0: Called Strike 3-1: Foul Ball, location: 2F 3-2: Ground out 6-3 (Groundball, 6M)
|
Top of the 7th over - 0 run(s), 1 hit(s), 0 error(s), 1 left on base; Austin 3 - Viola 4 |
BOTTOM OF THE 7TH |
Viola Spearheads batting - Pitching for Austin Capitols : RHP Jim Unknown
|
Batting: LHB Jim Unknown
|
0-0: Ball 1-0: Called Strike 1-1: Ball 2-1: Swinging Strike 2-2: Ball 3-2: Ground out 4-3 (Groundball, 34)
|
Batting: RHB Jim Unknown
|
0-0: Called Strike 0-1: Called Strike 0-2: Ball 1-2: Ball 2-2: DOUBLE (Line Drive, 8RM)
|
Batting: RHB Jim Unknown
|
0-0: Ball 1-0: Swinging Strike 1-1: Foul Ball, location: 2F 1-2: Ground out 4-3 (Groundball, 4) Jim Unknown to third
|
Pinch Hitting: SHB Jim Unknown
|
0-0: Called Strike 0-1: Ball 1-1: SINGLE (Flyball, 78S) Jim Unknown scores
|
Pitching: RHP Jim Unknown
|
|
Batting: RHB Pepe Gómez
|
0-0: Ball 1-0: Fly out, F7 (Flyball, 7D)
|
Bottom of the 7th over - 1 run(s), 2 hit(s), 0 error(s), 1 left on base; Austin 3 - Viola 5 |
TOP OF THE 8TH |
Austin Capitols batting - Pitching for Viola Spearheads : RHP Bill Jensen
|
Now at 2B: Jim Unknown
|
|
Batting: RHB Jim Unknown
|
0-0: Called Strike 0-1: Ball 1-1: Ball 2-1: SOLO HOME RUN (Line Drive, 9LD), Distance : 363 ft
|
Pitching: LHP Jim Unknown
|
|
Batting: LHB Jim Unknown
|
0-0: Ball 1-0: Ball 2-0: Ball 3-0: Base on Balls
|
Pitching: RHP Joe Johnson
|
|
Batting: RHB Jim Unknown
|
0-0: Ball 1-0: Ball 2-0: Called Strike 2-1: Foul Ball, location: 2F 2-2: Ball 3-2: Foul Ball, location: 2F 3-2: Base on Balls Jim Unknown to second
|
Pinch Hitting: RHB Jim Unknown
|
0-0: Ball 1-0: DOUBLE (Line Drive, 5L) Jim Unknown scores Jim Unknown to third
|
Batting: RHB Jim Unknown
|
0-0: Ball 1-0: Ball 2-0: Foul Ball, location: 2F 2-1: Foul Ball, location: 2F 2-2: Ball 3-2: Fly out, F8 (Flyball, 8RD) Runner from 3rd tags up, SCORES, no throw Jim Unknown to third
|
Batting: LHB Jim Unknown
|
0-0: Ball 1-0: Called Strike 1-1: SINGLE (Groundball, 34D) Jim Unknown scores
|
Pitching: RHP Jesús Peña
|
|
Batting: RHB Jim Unknown
|
0-0: Ball 1-0: Ball 2-0: Ball 3-0: Called Strike 3-1: Foul Ball, location: 2F 3-2: Grounds into double play, 5-4-3 (Groundball, 5L)
|
Top of the 8th over - 4 run(s), 3 hit(s), 0 error(s), 0 left on base; Austin 7 - Viola 5 |
BOTTOM OF THE 8TH |
Viola Spearheads batting - Pitching for Austin Capitols : RHP Jim Unknown
|
Now at 3B: Jim Unknown
|
|
Batting: RHB Doug Rowland
|
0-0: Called Strike 0-1: Swinging Strike 0-2: Fly out, F8 (Flyball, 8LM)
|
Batting: RHB Jim Unknown
|
0-0: Called Strike 0-1: Ball 1-1: Ball 2-1: Foul Ball, location: 2F 2-2: Strikes out swinging
|
Batting: LHB Jim Unknown
|
0-0: Called Strike 0-1: SINGLE (Line Drive, 56D)
|
Pitching: RHP Jim Unknown
|
|
Batting: RHB Jim Unknown
|
0-0: Called Strike 0-1: Ball 1-1: Ground out 2-3 (Groundball, 2R)
|
Bottom of the 8th over - 0 run(s), 1 hit(s), 0 error(s), 1 left on base; Austin 7 - Viola 5 |
TOP OF THE 9TH |
Austin Capitols batting - Pitching for Viola Spearheads : RHP Jesús Peña
|
Pitching: RHP Jim Unknown
|
|
Batting: LHB Jim Unknown
|
0-0: Ball 1-0: Foul Ball, location: 2F 1-1: SINGLE (Line Drive, 34D)
|
Batting: RHB Jim Unknown
|
0-0: Grounds into double play, 6-4-3 (Groundball, 6)
|
Batting: RHB Jim Unknown
|
0-0: Ball 1-0: Ball 2-0: Ball 3-0: Called Strike 3-1: Foul Ball, location: 2F 3-2: Foul Ball, location: 2F 3-2: Base on Balls
|
Batting: LHB Jim Unknown
|
0-0: Ball 1-0: Ball 2-0: Swinging Strike 2-1: Foul Ball, location: 2F 2-2: Ball 3-2: Foul Ball, location: 2F 3-2: Strikes out swinging
|
Top of the 9th over - 0 run(s), 1 hit(s), 0 error(s), 1 left on base; Austin 7 - Viola 5 |
BOTTOM OF THE 9TH |
Viola Spearheads batting - Pitching for Austin Capitols : RHP Jim Unknown
|
Pitching: RHP Jim Unknown
|
|
Batting: LHB Jim Unknown
|
0-0: Ground out 4-3 (Groundball, 34)
|
Batting: RHB Jim Unknown
|
0-0: Swinging Strike 0-1: Swinging Strike 0-2: Ball 1-2: Strikes out swinging
|
Batting: RHB Jim Unknown
|
0-0: Foul Ball, location: 2F 0-1: Ball 1-1: Swinging Strike 1-2: Foul Ball, location: 2F 1-2: Ball 2-2: Ball 3-2: Strikes out swinging
|
Bottom of the 9th over - 0 run(s), 0 hit(s), 0 error(s), 0 left on base; Austin 7 - Viola 5 |
|